 Dungeon Crawl Stone Soup version 0.27-a0-681-g0c81a3c1c3 (webtiles) character file.

Game seed: 11098476057901697723

1302 Anon1729 the Bolt Thrower (level 8, -1/65 HPs)
             Began as a Formicid Hunter on Mar 19, 2021.
             Was a Follower of Okawaru.
             Slain by an orc warrior
             ... wielding a +0 short sword
              (16 damage)
             ... on level 5 of the Dungeon.
             The game lasted 00:09:02 (8183 turns).

Anon1729 the Bolt Thrower (Formicid Hunter)         Turns: 8183, Time: 00:09:02

Health: -1/65      AC:  7    Str: 20    XL:     8   Next: 87%
Magic:  8/8        EV: 12    Int: 10    God:    Okawaru [*.....]
Gold:   195        SH:  0    Dex: 11    Spells: 7/7 levels left

rFire    . . .     SeeInvis +   a - +1 hand crossbow
rCold    + . .     Faith    .   (no shield)
rNeg     + . .     Spirit   .   i - +2 leather armour {rPois}
rPois    +         Reflect  .   (helmet unavailable)
rElec    .         Harm     .   (no cloak)
rCorr    .         Rampage  .   (no gloves)
Will     .....                  e - +0 pair of boots
Stlth    +.........             (no amulet)
HPRegen  0.20/turn              q - ring of positive energy
MPRegen  0.11/turn              u - ring of protection from cold

@: very slow
A: permanent stasis, dig shafts and tunnels, antennae 3, four strong arms
a: Dig, Shaft Self, Renounce Religion, Heroism


You were on level 5 of the Dungeon.
You worshipped Okawaru.
Okawaru was aware of your devotion.
You visited 2 branches of the dungeon, and saw 7 of its levels.

You collected 195 gold pieces.

Inventory:

Hand Weapons
 a - a +1 hand crossbow (weapon)
 b - a +0 short sword
Missiles
 d - 2 bolts (quivered ammo)
 o - a throwing net
Armour
 c - a +0 leather armour
 e - a +0 pair of boots (worn)
 i - a +2 leather armour of poison resistance (worn)
 p - a +0 chain mail
Jewellery
 k - a ring of resist corrosion
 q - a ring of positive energy (right hand)
 u - a ring of protection from cold (left hand)
 A - an amulet of regeneration
Scrolls
 g - 2 scrolls of fear
 l - 2 scrolls of random uselessness
 r - 3 scrolls of enchant armour
 s - 2 scrolls of amnesia
 y - a scroll of torment {unknown}
 z - a scroll of noise {unknown}
Potions
 f - 2 potions of attraction
 h - a potion of degeneration {unknown}
 j - a potion of mutation {unknown}
 m - 2 potions of heal wounds {unknown}
 n - 2 potions of flight {unknown}
 v - a potion of cancellation {unknown}
 x - 2 potions of lignification {unknown}
 B - a potion of resistance {unknown}


   Skills:
 + Level 6.3 Fighting
 + Level 6.9 Crossbows
 + Level 5.6 Armour
 - Level 2.1 Dodging
 - Level 4.2 Stealth


You had 7 spell levels left.
You didn't know any spells.
Your spell library contained the following spells:

 Spells                   Type           Power      Damage    Failure   Level
 Summon Small Mammal      Summ           0%         N/A       41%         1
 Call Imp                 Summ           0%         N/A       54%         2
 Call Canine Familiar     Summ           0%         N/A       78%         3
 Summon Guardian Golem    Hex/Summ       0%         N/A       78%         3
 Summon Ice Beast         Ice/Summ       0%         N/A       99%         4
 Summon Lightning Spire   Summ/Air       0%         N/A       99%         4


Dungeon Overview and Level Annotations

Branches:
Dungeon (6/15)             Temple (1/1) D:5

Altars:
Ashenzari
Dithmenos
Elyvilon
Fedhas
Hepliaklqana
Kikubaaqudgha
Nemelex Xobeh
Okawaru
Sif Muna
Trog
Uskayaw
Vehumet
Xom
Yredelemnul
Zin

Annotations:
D:5 Prince Ribbit


Innate Abilities, Weirdness & Mutations

You cannot be hasted, slowed, berserked, paralysed or teleported.
You can dig through walls and to a lower floor.
You have a pair of large antennae on your head. (SInv)
Your four strong arms can wield two-handed weapons with a shield.


Message History

You hit the orc warrior but do no damage.
The orc warrior is severely wounded.
The orc warrior hits you with a +0 short sword.
You barely miss the orc warrior.
The orc warrior is severely wounded.
The orc warrior hits you but does no damage.
You hit the orc warrior but do no damage.
The orc warrior is severely wounded.
The orc warrior closely misses you.
You hit the orc warrior but do no damage.
The orc warrior is severely wounded.
The orc warrior misses you.
You barely miss the orc warrior.
The orc warrior is severely wounded.
The orc warrior hits you with a +0 short sword!
You are too injured to fight recklessly!
You are too injured to fight recklessly!
a - a +1 hand crossbow (weapon)
You hear the brisk rusting of a very distant drain.
The orc warrior barely misses you.
An orc wizard comes into view. It is wielding a +0 dagger.
You see here a bolt.
d - a bolt The orc warrior hits you with a +0 short sword!
An orc wizard comes into view.
It is wielding a +0 dagger and wearing a +1 robe of resistance.
The orc warrior closely misses you.
You see here a bolt.
d - 2 bolts (gained 1)
The orc wizard gestures at you while chanting.
The puff of flame hits you. The orc warrior closely misses you.
There is a stone staircase leading up here.
The orc warrior hits you with a +0 short sword!
* * * LOW HITPOINT WARNING * * *
You climb upwards.
Level annotation: Prince Ribbit
There is a stone staircase leading down here.
You enter the shallow water.
Moving in this stuff is going to be slow.
The orc warrior hits you with a +0 short sword!
You die...

#.♣≈≈≈≈≈≈≈≈≈♣.# ##....... ##
##.♣≈♣.....♣≈♣.# ##........ .##
#...≈....(..≈..# #....>.... .[#
#...≈.......≈..# ##.#.......
..####...≈...>...≈..###..##......
.........≈.......≈...#..###......
...####..≈.......≈...#.## #......
...# #.♣≈♣.....♣o♣....# #......
#### #.♣≈≈≈≈≈≈≈@≈♣....## ###....
# #.♣♣♣.....♣♣♣.....## ##### ##
#..................### .#
########...............##
.####..## #......).........# #
........# #................# ##
........## ##...............# #.
.........## #.............### ##
..........# ##...........## #


You could see an orc warrior.

Vanquished Creatures
  A troll (D:6)
  A sky beast (D:5)
  3 ogres
  A centaur (D:5)
  Blork the orc (D:5)
  2 orc priests
  2 hounds
  A bullfrog skeleton (D:6)
  2 iguanas
  4 worker ants
  2 orc wizards
  A worker ant zombie (D:5)
  3 gnolls (D:3)
  7 adders
  A shadow imp (D:5)
  A white imp (D:5)
  An ooze (D:1)
  3 worms
  2 dart slugs
  10 leopard geckos
  15 orcs
  5 giant cockroaches
  7 goblins
  8 hobgoblins
  2 jackals (D:1)
  A quokka (D:3)
  2 ball pythons (D:3)
  6 bats
  8 frilled lizards
  6 kobolds
  2 leopard gecko skeletons
  8 rats
119 creatures vanquished.

Notes
Turn   | Place    | Note
-------+----------+-------------------------------------------
     0 | D:1      | Anon1729 the Formicid Hunter began the quest for the Orb.
     0 | D:1      | Reached XP level 1. HP: 16/16 MP: 1/1
   211 | D:1      | Reached XP level 2. HP: 11/23 MP: 2/2
   909 | D:1      | Reached XP level 3. HP: 24/28 MP: 3/3
  1834 | D:2      | Found a white marble altar of Elyvilon.
  1977 | D:2      | Found a sparkling altar of Nemelex Xobeh.
  2251 | D:2      | Reached XP level 4. HP: 34/34 MP: 4/4
  2693 | D:2      | Reached skill level 1 in Armour
  3081 | D:3      | Reached XP level 5. HP: 26/41 MP: 5/5
  4075 | D:3      | Reached XP level 6. HP: 47/47 MP: 6/6
  4505 | D:3      | Reached skill level 5 in Crossbows
  4565 | D:4      | Found a bloodstained altar of Trog.
  4565 | D:4      | Found a broken altar of Ashenzari.
  4565 | D:4      | Found a blossoming altar of Fedhas.
  4565 | D:4      | Found a shimmering blue altar of Sif Muna.
  5302 | D:4      | Found a shimmering altar of Xom.
  5469 | D:4      | Reached XP level 7. HP: 52/54 MP: 7/7
  5777 | D:5      | Entered Level 5 of the Dungeon
  5785 | D:5      | Found a staircase to the Ecumenical Temple.
  5815 | Temple   | Entered the Ecumenical Temple
  5859 | Temple   | Became a worshipper of Warmaster Okawaru
  5997 | D:5      | Reached skill level 5 in Fighting
  6368 | D:5      | Noticed Blork the orc
  6374 | D:5      | Killed Blork the orc
  6375 | D:5      | Reached XP level 8. HP: 55/62 MP: 8/8
  6601 | D:5      | Found a radiant altar of Vehumet.
  6664 | D:5      | Reached * piety under Okawaru
  6753 | D:5      | Noticed Prince Ribbit
  6918 | D:5      | Reached skill level 5 in Armour
  7792 | D:6      | Noticed a troll
  7801 | D:6      | HP: 2/64 [troll (12)]
  7802 | D:6      | Killed a troll
  8183 | D:5      | Slain by an orc warrior

Illustrated notes

Levels and vault maps discovered:
D:1:      tarquinn_simple_flora_water_b, layout_basic
D:2:      layout_basic, nicolae_overflow_crystal_walls, lemuel_round_altar,
          serial_corexii_hall, chequers_hall_statues_corner_a,
          corexii_hall_statues_s, kennysheep_generic_room_13
D:3:      layout_basic
D:4:      layout_basic, chequers_temple_overflow_statue_of_worship,
          general_overflow_altar, grunt_ministairs_4
D:5:      layout_cave_pods, nicolae_vehumet_radiance,
          minmay_temple_entry_water_ring, serial_column_ruins,
          column_ruins_open_tiny, column_ruins_open_tiny,
          column_ruins_corridor_straight, column_ruins_columns_straight,
          minivault_4, uniq_prince_ribbit1, uniq_blork_the_orc
D:6:      layout_cave_pools, nicolae_overflow_hidden_temple,
          cheibrodos_sewer_entry_bend, serial_shops, nicolae_shop_stone,
          uniq_edmund
Temple:   jpeg_temple_island

Skill      XL: |  1  2  3  4  5  6  7  8 |
---------------+-------------------------+-----
Dodging        | 2 |  2.1
Stealth        | 2 3 4 |  4.2
Fighting       | 3 4 5 6 |  6.3
Armour         | 1 2 3 4 5 |  5.6
Crossbows      | 5 6 |  6.9

Action                   |  1- 3 |  4- 6 |  7- 9 || total
-------------------------+-------+-------+-------++-------
Melee: Short sword       |   152 |   207 |    83 ||   442
 Fire: Hand crossbow     |       |    38 |    77 ||   115
  Use: Scroll            |       |       |     7 ||     7
 Stab: Sleeping          |    10 |     6 |       ||    16
       Distracted        |       |     2 |       ||     2
Armor: Leather armour    |    44 |    56 |    28 ||   128
       Chain mail        |    10 |    23 |       ||    33
Dodge: Dodged            |    76 |   113 |    77 ||   266

Table legend: (Time is in decaauts)
 A = Elapsed time spent in this place.
 B = Non-inter-level travel time spent in this place.
 C = Inter-level travel time spent in this place.
 D = Time resting spent in this place.
 E = Time spent auto-exploring this place.
 F = Levels seen in this place.
 G = Mean time per level.
                   A        B        C        D        E       F      G
               +--------+--------+--------+--------+--------+-----+--------+
         Total |   8250 |   8113 |    137 |   1682 |   5048 |   7 | 1178.6 |
       Dungeon |   8173 |   8068 |    105 |   1682 |   5013 |   6 | 1362.2 |
        Temple |     76 |     44 |     32 |      0 |     35 |   1 |   76.0 |
               +--------+--------+--------+--------+--------+-----+--------+

Top non-repeatable levels by time:
     D:5: 2199 daAuts
     D:2: 1753 daAuts
     D:1: 1474 daAuts
     D:3: 1375 daAuts
     D:4: 1218 daAuts
     D:6: 151 daAuts
  Temple: 76 daAuts
